[Event "Titled Tuesday Blitz April 11 Early 2023"]
[White "Ronka, Erik"]
[Black "Baruch, Liam"]
[WhiteFideId "505080"]
[BlackFideId "14322064"]
[WhiteElo "2264"]
[BlackElo "2166"]
[Result "1-0"]
[Round "03"]
[TimeControl "180+2"]
[Date "2023.04.11"]
[WhiteClock "0:00:16"]
[BlackClock "0:00:05"]

1. a3 d5 2. c4 Nf6 3. cxd5 Nxd5 4. e4 Nf6 5. Nf3 Nc6 6. d4 Bg4 7. d5 Ne5 8. Qb3 Bxf3 9. gxf3 Rb8 10. f4 Ng6 11. f5 Ne5 12. Bf4 Neg4 13. Bb5+ Nd7 14. Rg1 Nf6 15. e5 Nxd5 16. e6 c6 17. Bxb8 Nxb8 18. Bc4 fxe6 19. fxe6 Qb6 20. Bxd5 cxd5 21. Qxb6 axb6 22. Nc3 Nc6 23. Nxd5 Nd4 24. O-O-O Ne2+ 25. Kc2 Kd8 26. Nf4+ Kc8 27. Nxe2 g6 28. Rd7 Rg8 29. Rgd1 Rg7 30. Rd8+ 1-0


[Site "https://www.chess.com"]

[Event "Titled Tuesday Blitz April 11 Early 2023"]
[White "Halldorsson, Halldor"]
[Black "dDobravcan"]
[WhiteFideId "2301369"]
[WhiteElo "2190"]
[BlackElo "2150"]
[Result "1-0"]
[Round "03"]
[TimeControl "180+2"]
[Date "2023.04.11"]
[WhiteClock "0:00:59"]
[BlackClock "0:00:07"]

1. e4 d6 2. d4 Nf6 3. Nc3 c6 4. h3 Qa5 5. Bd2 Qb6 6. Nge2 Qxb2 7. Rb1 Qa3 8. g4 e5 9. Bg2 exd4 10. Nxd4 Qc5 11. Nb3 Qc4 12. Bf1 Qb4 13. Bd3 Qb6 14. O-O Be7 15. Be3 Qc7 16. f4 Na6 17. Qf3 h5 18. g5 Nd7 19. Bd4 h4 20. Bxg7 Rg8 21. Bd4 Ndc5 22. Kg2 Be6 23. Nxc5 Nxc5 24. f5 Rxg5+ 25. Kh1 Rg3 26. Qh5 Rxh3+ 27. Kg1 Rg3+ 28. Kf2 Bd7 29. f6 Bf8 30. Qxh4 Rg8 31. Qf4 O-O-O 32. Rg1 Ne6 33. Qe3 Nxd4 34. Rxg8 1-0


[Site "https://www.chess.com"]

[Event "Titled Tuesday Blitz April 11 Early 2023"]
[White "Krzywda, Andrzej"]
[Black "Vargas Rodriguez, Wilver"]
[WhiteFideId "1114565"]
[BlackFideId "3509672"]
[WhiteElo "2155"]
[BlackElo "2224"]
[Result "1-0"]
[Round "03"]
[TimeControl "180+2"]
[Date "2023.04.11"]
[WhiteClock "0:00:43"]
[BlackClock "0:00:06"]

1. c4 Nf6 2. g3 c5 3. Bg2 Nc6 4. Nc3 g6 5. Nf3 e5 6. d3 Bg7 7. O-O O-O 8. a3 d6 9. b4 cxb4 10. axb4 Nxb4 11. Ba3 Nc6 12. Nb5 Ne8 13. Ne1 a6 14. Bb2 Bg4 15. Nc3 Nd4 16. h3 Be6 17. Nc2 Nb3 18. Rb1 Rb8 19. Ne3 Qd7 20. Qxb3 b5 21. Qc2 Bxh3 22. Ncd5 Bxg2 23. Kxg2 f5 24. f4 bxc4 25. Qxc4 Kh8 26. Rh1 Rb5 27. Ba1 Rc5 28. Qa2 Qc6 29. Kf2 exf4 30. Nxf4 d5 31. Bxg7+ Nxg7 32. d4 Rc4 33. Nxc4 dxc4 34. Qa3 Qd6 35. Qxd6 Re8 1-0


[Site "https://www.chess.com"]

[Event "Titled Tuesday Blitz April 11 Early 2023"]
[White "Okike, David"]
[Black "Munro, Allan"]
[WhiteFideId "8500134"]
[BlackFideId "7700245"]
[WhiteElo "2232"]
[BlackElo "2084"]
[Result "1-0"]
[Round "03"]
[TimeControl "180+2"]
[Date "2023.04.11"]
[WhiteClock "0:00:59"]
[BlackClock "0:00:08"]

1. e4 e5 2. Nf3 Nc6 3. Bc4 Nf6 4. d3 Bc5 5. c3 d6 6. Bg5 a6 7. a4 Ba7 8. a5 h6 9. Bh4 g5 10. Bg3 h5 11. h4 g4 12. Ng5 Rf8 13. Qb3 Qe7 14. O-O Nd8 15. Kh1 c6 16. f3 Ne6 17. Nd2 Nc5 18. Qa2 Be6 19. Nxe6 Nxe6 20. Rae1 O-O-O 21. Nb3 Nf4 22. d4 Nd7 23. fxg4 hxg4 24. Kg1 1-0


[Site "https://www.chess.com"]

[Event "Titled Tuesday Blitz April 11 Early 2023"]
[White "ArtemDyachuk"]
[Black "Barria Santos, Jose Guilherme"]
[BlackFideId "1939300"]
[WhiteElo "2390"]
[BlackElo "2266"]
[Result "1-0"]
[Round "03"]
[TimeControl "180+2"]
[Date "2023.04.11"]
[WhiteClock "0:01:33"]
[BlackClock "0:01:44"]

1. Nf3 Nf6 2. c4 g6 3. g3 Bg7 4. Bg2 O-O 5. O-O d6 6. Nc3 Nc6 7. Rb1 e5 8. b4 a6 9. a4 Ne7 10. b5 axb5 11. axb5 Be6 12. d3 Nd7 13. Ng5 Nc5 14. Nxe6 fxe6 15. Be3 Qc8 16. Bxc5 dxc5 17. Ne4 b6 18. Qd2 Ra3 19. Ra1 Rxa1 20. Rxa1 Qd7 21. h4 Nf5 22. h5 Nd4 23. hxg6 Nb3 24. gxh7+ Kh8 25. Qb2 Nxa1 26. Qxa1 Qd4 27. Qa7 Kxh7 28. Qxc7 Kg8 29. Qxb6 Ra8 30. Qxe6+ Kh8 31. Qh3+ Kg8 32. Nf6+ Bxf6 33. Qe6+ Kh7 34. Qf7+ Bg7 35. Be4+ Kh8 36. Qh5+ Kg8 37. Bd5+ Kf8 38. Qf7# 1-0


[Site "https://www.chess.com"]

[Event "Titled Tuesday Blitz April 11 Early 2023"]
[White "Valle Maytin, Luis Enrique"]
[Black "Tarnowska, Aleksandra"]
[WhiteFideId "3503666"]
[BlackFideId "1180967"]
[WhiteElo "2225"]
[BlackElo "1776"]
[Result "1-0"]
[Round "03"]
[TimeControl "180+2"]
[Date "2023.04.11"]
[WhiteClock "0:00:19"]
[BlackClock "0:00:04"]

1. d4 d5 2. Nf3 Nf6 3. e3 c6 4. Bd3 Bg4 5. h3 Bh5 6. g4 Bg6 7. Ne5 e6 8. Nd2 Nbd7 9. f4 Be4 10. Nxe4 Nxe4 11. Bxe4 dxe4 12. Nxd7 Qxd7 13. b3 Be7 14. a4 Bh4+ 15. Ke2 h5 16. Ba3 O-O-O 17. c3 g5 18. fxg5 Bxg5 19. Qc2 Qd5 20. c4 Qa5 21. b4 Qc7 22. Qxe4 hxg4 23. Qxg4 Rdg8 24. Rag1 f5 25. Qf3 Bh4 26. Qf4 Qh7 27. b5 Qh5+ 28. Qf3 Qxf3+ 29. Kxf3 cxb5 30. axb5 Kd7 31. e4 fxe4+ 32. Kxe4 Rf8 33. Rg7+ Kc8 34. Bxf8 Rxf8 35. Rhg1 Bf2 36. Rg8 Bxg1 37. Rxf8+ Kd7 38. Rf7+ Kc8 39. h4 Bh2 40. h5 Bd6 41. h6 Kd8 42. h7 Ke8 43. Rxb7 Bf8 44. h8=Q e5 45. Qxe5+ Kd8 46. Qc7+ Ke8 47. Qd7# 1-0


[Site "https://www.chess.com"]

[Event "Titled Tuesday Blitz April 11 Early 2023"]
[White "Jaivardhan Raj"]
[Black "Adelman, Charles"]
[WhiteFideId "25744437"]
[BlackFideId "2003597"]
[WhiteElo "1772"]
[BlackElo "2377"]
[Result "0-1"]
[Round "03"]
[TimeControl "180+2"]
[Date "2023.04.11"]
[WhiteClock "0:00:11"]
[BlackClock "0:00:15"]

1. e4 Nf6 2. e5 Nd5 3. d4 d6 4. c4 Nb6 5. exd6 cxd6 6. Nc3 g6 7. Nf3 Bg7 8. Bd3 O-O 9. O-O e5 10. dxe5 dxe5 11. Be3 Nc6 12. Qc2 Bg4 13. Be2 Qe7 14. Bxb6 axb6 15. Nd5 Qc5 16. Qd2 e4 17. Ng5 Bxe2 18. Qxe2 Nd4 19. Qxe4 Rae8 20. Qh4 h6 21. Ne4 Qxc4 22. Ndf6+ Kh8 23. Nxe8 Rxe8 24. f3 f5 25. b3 Qb4 26. a3 Qxb3 27. Nf6 Re6 28. Qxd4 Bxf6 29. Qd7 Bxa1 30. Qd8+ Kg7 31. Qd7+ Kf6 32. Qd8+ Re7 33. Qd6+ Re6 34. Qf8+ Kg5 35. Qd8+ Bf6 36. Qd2+ Qe3+ 37. Qxe3+ Rxe3 38. h3 Rxa3 39. Kh2 Be5+ 40. Kh1 Bg3 41. f4+ Kh5 42. Rd1 Ra4 43. Rd7 Ra1+ 44. Rd1 Rxd1# 0-1


[Site "https://www.chess.com"]

[Event "Titled Tuesday Blitz April 11 Early 2023"]
[White "Buscar, Michael"]
[Black "Cramling Bellon, Anna"]
[WhiteFideId "2603616"]
[BlackFideId "32009232"]
[WhiteElo "2010"]
[BlackElo "1972"]
[Result "1-0"]
[Round "03"]
[TimeControl "180+2"]
[Date "2023.04.11"]
[WhiteClock "0:00:09"]
[BlackClock "0:00:04"]

1. Nf3 c5 2. c4 Nc6 3. g3 g6 4. Bg2 Bg7 5. O-O e5 6. d3 d6 7. Nc3 Nge7 8. Ne1 O-O 9. Nc2 Be6 10. Ne3 f5 11. Ncd5 Rb8 12. Rb1 Nd4 13. b4 b5 14. Nxe7+ Qxe7 15. bxc5 dxc5 16. Nd5 Qd7 17. e3 bxc4 18. Rxb8 Rxb8 19. dxc4 Nc6 20. Ba3 Nb4 21. e4 Bxd5 22. cxd5 Qd6 23. Qd2 a5 24. Rc1 Bf8 25. exf5 gxf5 26. Qg5+ Qg6 27. Qe3 e4 28. Rd1 Nd3 29. Qd2 Bd6 30. Qxa5 f4 31. Qa4 f3 32. Bf1 Qf5 33. Qc6 Qe5 34. Bxd3 exd3 35. Bxc5 Qe2 36. Rf1 Bxc5 37. Qxc5 Re8 38. d6 d2 39. Qd5+ Kg7 40. Qd4+ Kg6 41. Qg4+ Kf7 42. Qf5+ Kg7 43. Qg5+ Kf7 44. Qh5+ Kf6 45. Qh6+ Kf5 46. Qxh7+ Kf6 47. Qh6+ Kf7 48. Qh5+ Kg7 49. Qg5+ Kh7 50. Qf5+ Kg7 51. Qb1 Qxf1+ 52. Kxf1 Re2 53. Qd1 Rxf2+ 54. Kxf2 Kf6 55. Qxd2 Ke6 56. Kxf3 Kd7 57. Kf4 1-0


[Site "https://www.chess.com"]

[Event "Titled Tuesday Blitz April 11 Early 2023"]
[White "Winkels, Marcel"]
[Black "Mayaud, Raphael"]
[WhiteFideId "1003887"]
[BlackFideId "627151"]
[WhiteElo "1900"]
[BlackElo "2191"]
[Result "0-1"]
[Round "03"]
[TimeControl "180+2"]
[Date "2023.04.11"]
[WhiteClock "0:00:43"]
[BlackClock "0:00:34"]

1. d4 Nf6 2. Nc3 d5 3. Bf4 c6 4. e3 Bf5 5. f3 e6 6. g4 Bg6 7. h4 h5 8. g5 Nfd7 9. Bd3 Bxd3 10. Qxd3 g6 11. Nh3 Bg7 12. Bd6 c5 13. dxc5 Qa5 14. Nf4 Nxc5 15. Qb5+ Qxb5 16. Nxb5 Nca6 17. Ba3 Nc6 18. Nd6+ Kd7 19. Nxb7 Rhb8 20. Nd6 Nab4 21. Bxb4 Nxb4 22. Nxf7 Nxc2+ 23. Kd2 Nxa1 24. Rxa1 Rxb2+ 25. Kd3 Rc8 0-1


[Site "https://www.chess.com"]

[Event "Titled Tuesday Blitz April 11 Early 2023"]
[White "Mogirzan, Matei-Valeriu"]
[Black "Hartikainen, Jarmo"]
[WhiteFideId "1257455"]
[BlackFideId "503134"]
[WhiteElo "1733"]
[BlackElo "2065"]
[Result "1-0"]
[Round "03"]
[TimeControl "180+2"]
[Date "2023.04.11"]
[WhiteClock "0:00:18"]
[BlackClock "0:00:02"]

1. e4 c5 2. Nf3 Nc6 3. Bb5 g6 4. h4 h5 5. c3 Bg7 6. d4 cxd4 7. cxd4 Qb6 8. Nc3 Nxd4 9. Nd5 Nxf3+ 10. Qxf3 Qd8 11. Bf4 e5 12. Bg5 f6 13. Bd2 a6 14. Bc4 b5 15. Bb3 Bb7 16. Qg3 g5 17. hxg5 Bxd5 18. Bxd5 Rc8 19. g6 Nh6 20. Rxh5 Qe7 21. Bxh6 Rxh6 22. Bf7+ Kf8 23. Qh4 Qb4+ 24. Kf1 Qxb2 25. Re1 1-0


[Site "https://www.chess.com"]

[Event "Titled Tuesday Blitz April 11 Early 2023"]
[White "Mrudul Dehankar"]
[Black "Chincholimath, Halsagar"]
[WhiteFideId "25096990"]
[BlackFideId "5022487"]
[WhiteElo "2139"]
[BlackElo "1737"]
[Result "1-0"]
[Round "03"]
[TimeControl "180+2"]
[Date "2023.04.11"]
[WhiteClock "0:00:12"]
[BlackClock "0:01:00"]

1. e4 e5 2. Nc3 Nf6 3. Bc4 Be7 4. d3 d6 5. f4 exf4 6. Bxf4 Nc6 7. Qd2 Be6 8. Bb3 Qd7 9. Nf3 h6 10. d4 Bxb3 11. axb3 O-O 12. O-O Rfe8 13. Rae1 Bf8 14. Nh4 b5 15. Bxh6 Qg4 16. Bg5 Nxe4 17. Nxe4 Rxe4 18. Rxe4 Qxe4 19. c3 Re8 20. Qf2 Qd5 21. Nf5 Nd8 22. Qg3 Ne6 23. Bf6 g6 24. Qh4 Bg7 25. Nxg7 Nxg7 26. Qh6 1-0


[Site "https://www.chess.com"]

[Event "Titled Tuesday Blitz April 11 Early 2023"]
[White "Klepikov, Nikita"]
[Black "Sanchez, Robert"]
[WhiteFideId "24145220"]
[BlackFideId "2034360"]
[WhiteElo "2025"]
[BlackElo "2005"]
[Result "1-0"]
[Round "03"]
[TimeControl "180+2"]
[Date "2023.04.11"]
[WhiteClock "0:01:34"]
[BlackClock "0:01:51"]

1. e4 d5 2. exd5 Qxd5 3. Nc3 Qe6+ 4. Nge2 Nf6 5. g3 Nc6 6. Bg2 Bd7 7. O-O O-O-O 8. Re1 Qg4 9. h3 Qh5 10. g4 Qa5 11. a3 e5 12. b4 Bxb4 13. Rb1 Bd6 14. d3 Nd4 15. Bxb7+ Kb8 16. Nxd4 exd4 17. Qf3 1-0


[Site "https://www.chess.com"]

[Event "Titled Tuesday Blitz April 11 Early 2023"]
[White "Jarocka, Liwia"]
[Black "Aung Thant Zin"]
[WhiteFideId "21807558"]
[BlackFideId "13000063"]
[WhiteElo "2013"]
[BlackElo "2278"]
[Result "1/2-1/2"]
[Round "03"]
[TimeControl "180+2"]
[Date "2023.04.11"]
[WhiteClock "0:00:09"]
[BlackClock "0:00:13"]

1. d4 Nf6 2. Nf3 e6 3. g3 d5 4. c4 Be7 5. Bg2 O-O 6. O-O dxc4 7. Ne5 Nc6 8. Nxc6 bxc6 9. e3 Rb8 10. Bxc6 Nd5 11. Nc3 Nb4 12. Bg2 c5 13. d5 Nd3 14. Qc2 Bf6 15. Ne4 exd5 16. Nxf6+ gxf6 17. e4 Be6 18. b3 Nxc1 19. Raxc1 cxb3 20. axb3 d4 21. Qxc5 Qb6 22. Qe7 Bxb3 23. Rb1 a5 24. e5 fxe5 25. Qxe5 a4 26. Bd5 Qg6 27. Bxb3 axb3 28. Qxd4 Rfd8 29. Qe5 Re8 30. Qd4 Red8 31. Qb2 Rd3 32. Rfe1 Rbd8 33. Qe5 R3d5 34. Qe7 Qb6 35. Re2 Rd1+ 36. Rxd1 Rxd1+ 37. Kg2 Qc6+ 38. f3 Qd7 39. Qg5+ Kh8 40. Qf6+ Kg8 41. Qg5+ Kh8 42. Qe5+ Kg8 43. Qe8+ Qxe8 44. Rxe8+ Kg7 45. Rb8 Rd2+ 46. Kh3 b2 47. f4 Kf6 48. Kg4 Rxh2 49. Rb6+ Kg7 50. Kf5 h5 51. Kg5 h4 52. gxh4 Rg2+ 53. Kf5 Rh2 54. Kg4 Rg2+ 55. Kf5 Rh2 56. Kg5 Rg2+ 57. Kf5 1/2-1/2


[Site "https://www.chess.com"]

[Event "Titled Tuesday Blitz April 11 Early 2023"]
[White "NtcPou"]
[Black "Matveeva, Olga"]
[BlackFideId "24107018"]
[WhiteElo "1975"]
[BlackElo "2056"]
[Result "0-1"]
[Round "03"]
[TimeControl "180+2"]
[Date "2023.04.11"]
[WhiteClock "0:02:06"]
[BlackClock "0:01:14"]

1. e4 e6 2. d4 d5 3. Nd2 c5 4. Ngf3 cxd4 5. exd5 Qxd5 6. Bc4 Qd6 7. O-O Nf6 8. Bb3 Nc6 9. Nc4 Qc7 10. Re1 Bc5 11. Bg5 Bd7 12. Nfe5 Nxe5 13. Nxe5 h6 14. Nxd7 Qxd7 15. Bxf6 gxf6 16. Qf3 Ke7 17. Rad1 Qc6 18. Qh3 Rag8 19. Re2 Rg5 20. Rde1 f5 21. f4 d3+ 22. Kh1 dxe2 23. fxg5 Qe4 24. gxh6 Bf2 0-1


[Site "https://www.chess.com"]

[Event "Titled Tuesday Blitz April 11 Early 2023"]
[White "Van Foreest, Machteld"]
[Black "Lohani, Sujana"]
[WhiteFideId "1051563"]
[BlackFideId "12311987"]
[WhiteElo "2018"]
[BlackElo "1718"]
[Result "1-0"]
[Round "03"]
[TimeControl "180+2"]
[Date "2023.04.11"]
[WhiteClock "0:01:43"]
[BlackClock "0:00:06"]

1. e4 g6 2. d4 Bg7 3. Nf3 d6 4. Nc3 Nf6 5. Bc4 O-O 6. O-O Nxe4 7. Nxe4 d5 8. Bd3 dxe4 9. Bxe4 c6 10. Bf4 Nd7 11. Qe2 Nf6 12. Bd3 Nd5 13. Be5 Nf6 14. Rad1 Qb6 15. c4 Bg4 16. b3 Rad8 17. Rfe1 e6 18. h3 Bxf3 19. Qxf3 Nd7 20. Bxg7 Kxg7 21. Bc2 Nf6 22. Qf4 Rd7 23. Rd2 Rfd8 24. Red1 Qa5 25. g4 h6 26. h4 Qxa2 27. g5 hxg5 28. hxg5 Nh5 29. Qe5+ Kh7 30. Bxg6+ fxg6 31. Rxa2 Ng7 32. Rxa7 Nf5 33. Rd3 Nxd4 34. Rh3+ Kg8 35. Rh8+ Kf7 36. Qf6# 1-0


[Site "https://www.chess.com"]

[Event "Titled Tuesday Blitz April 11 Early 2023"]
[White "Vargas, Mauricio"]
[Black "Fuzesabonyilaci"]
[WhiteFideId "4404572"]
[WhiteElo "1998"]
[BlackElo "2331"]
[Result "0-1"]
[Round "03"]
[TimeControl "180+2"]
[Date "2023.04.11"]
[WhiteClock "0:00:21"]
[BlackClock "0:01:31"]

1. e4 c6 2. f4 e5 3. d3 d5 4. exd5 exf4 5. dxc6 Qh4+ 6. g3 fxg3 7. Nf3 g2+ 8. Nxh4 gxh1=Q 9. Qe2+ Be6 10. cxb7 Qxb7 11. Bg2 Nc6 12. Nc3 Nf6 13. Bd2 Be7 14. Qf3 Rc8 15. O-O-O Bg4 16. Qe4 Nxe4 17. Nxe4 Bxd1 18. Kxd1 Qxb2 0-1


[Site "https://www.chess.com"]

[Event "Titled Tuesday Blitz April 11 Early 2023"]
[White "Ovezdurdyyeva, Jemal"]
[Black "Semenova, Alina"]
[WhiteFideId "14001888"]
[BlackFideId "24113875"]
[WhiteElo "2043"]
[BlackElo "1833"]
[Result "0-1"]
[Round "03"]
[TimeControl "180+2"]
[Date "2023.04.11"]
[WhiteClock "0:02:09"]
[BlackClock "0:01:16"]

1. e4 e5 2. Nf3 Nf6 3. Nxe5 d6 4. Nf3 Nxe4 5. Nc3 Nxc3 6. dxc3 Bg4 7. Be2 Be7 8. Be3 O-O 9. Qd2 Nc6 10. O-O-O Bf6 11. h3 Bh5 12. g4 Bg6 13. Nd4 Nxd4 14. cxd4 Bh4 15. f4 f5 16. g5 a5 17. d5 Re8 18. Bd4 c5 19. dxc6 bxc6 20. Bc4+ d5 21. Bd3 Qd6 22. Be5 Rxe5 23. fxe5 Qxe5 24. Rhf1 Rb8 25. c4 Bxg5 0-1


[Site "https://www.chess.com"]

[Event "Titled Tuesday Blitz April 11 Early 2023"]
[White "Anton Guijarro, David"]
[Black "So, Wesley"]
[WhiteFideId "2285525"]
[BlackFideId "5202213"]
[WhiteElo "2618"]
[BlackElo "2749"]
[Result "1/2-1/2"]
[Round "04"]
[TimeControl "180+2"]
[Date "2023.04.11"]
[WhiteClock "0:00:08"]
[BlackClock "0:00:14"]

1. d4 d5 2. Nf3 e6 3. Bg5 Be7 4. Bxe7 Nxe7 5. e3 c5 6. dxc5 O-O 7. a3 a5 8. Nbd2 Qc7 9. b4 Nbc6 10. c3 e5 11. Be2 Rd8 12. O-O d4 13. exd4 exd4 14. cxd4 Nxd4 15. Nxd4 Rxd4 16. Qc2 axb4 17. axb4 Rxa1 18. Rxa1 Rxb4 19. Ra8 Rd4 20. Nb3 Rd8 21. g3 g6 22. Qc3 Nc6 23. h4 Be6 24. Rxd8+ Qxd8 25. Bf3 Bd5 26. Nd2 Bxf3 27. Nxf3 Qd5 28. Qe3 h5 29. Qc3 Nb8 30. Qe3 Nd7 31. Qe8+ Kg7 32. Qd8 Qf5 33. Qc7 Nxc5 34. Ng5 Ne4 35. Nxe4 Qxe4 36. Qc3+ Kh7 37. Qc7 Qd5 38. Qe7 b5 39. Qb4 Qc4 40. Qb2 b4 41. Kh2 b3 42. Qf6 Qe6 43. Qb2 Kg8 44. Qd4 Kh7 45. Qb2 Qb6 46. Kg1 Qb7 47. Kh2 Kg8 48. Kg1 Qb4 49. Kh2 Qc4 50. Qf6 Qc2 51. Qd8+ Kh7 52. Qf6 Qf5 53. Qb2 Qc2 54. Qf6 Qc7 55. Qb2 Qb6 56. Kg1 f6 57. Kh2 Kg7 58. Kg2 Qc6+ 59. Kg1 Qc2 60. Qa3 b2 61. Qe7+ Kh6 62. Qf8+ Kh7 63. Qf7+ Kh6 64. Qf8+ Kh7 65. Qf7+ Kh8 66. Qf8+ Kh7 1/2-1/2


[Site "https://www.chess.com"]

[Event "Titled Tuesday Blitz April 11 Early 2023"]
[White "Ibarra Jerez, Jose Carlos"]
[Black "Vachier-Lagrave, Maxime"]
[WhiteFideId "2226332"]
[BlackFideId "623539"]
[WhiteElo "2638"]
[BlackElo "2740"]
[Result "1/2-1/2"]
[Round "04"]
[TimeControl "180+2"]
[Date "2023.04.11"]
[WhiteClock "0:00:07"]
[BlackClock "0:00:39"]

1. e4 c5 2. Ne2 d6 3. g3 g6 4. Bg2 Bg7 5. c3 e5 6. d4 cxd4 7. cxd4 exd4 8. Nxd4 Ne7 9. Nc3 a6 10. O-O O-O 11. Bf4 Qb6 12. Nb3 Rd8 13. Be3 Qc7 14. Rc1 Bxc3 15. Rxc3 Nbc6 16. Bg5 Be6 17. Bf6 h5 18. Nd4 Qd7 19. Qd2 Kh7 20. Rd1 Nxd4 21. Bxd4 Rac8 22. Rxc8 Rxc8 23. Bc3 Bxa2 24. Qd4 Rg8 25. Qf6 Be6 26. h4 Nc6 27. f4 Qd8 28. Bf3 Qxf6 29. Bxf6 Na5 30. Rxd6 Nc4 31. Rd3 Rc8 32. Rc3 b5 33. Kf2 b4 34. Rc1 a5 35. Be2 a4 36. f5 Nd6 37. Rxc8 Bxc8 38. Ke3 a3 39. bxa3 bxa3 40. fxg6+ Kxg6 41. Ba1 Be6 42. Bd3 Kh6 43. Kd4 a2 44. e5 Nc8 45. Bc3 Nb6 46. Ba1 Nd5 47. Be4 Ne7 48. Bc3 Bf5 49. Bf3 Kg6 50. Kc4 Be6+ 51. Kb4 Bd5 52. Bd1 Be4 53. Ka3 Bb1 54. Ba1 Nf5 55. Bb3 Nxg3 56. e6 fxe6 57. Bxe6 Ne2 58. Bxa2 Bxa2 59. Kxa2 Kf5 60. Kb3 Kg4 61. Bf6 Nf4 62. Kc4 Ng2 63. Kd3 Nxh4 64. Bxh4 Kxh4 65. Ke2 Kg3 66. Kf1 h4 67. Kg1 h3 68. Kh1 h2 1/2-1/2


[Site "https://www.chess.com"]

[Event "Titled Tuesday Blitz April 11 Early 2023"]
[White "Duda, Jan-Krzysztof"]
[Black "Kravtsiv, Martyn"]
[WhiteFideId "1170546"]
[BlackFideId "14113147"]
[WhiteElo "2790"]
[BlackElo "2695"]
[Result "1-0"]
[Round "04"]
[TimeControl "180+2"]
[Date "2023.04.11"]
[WhiteClock "0:00:09"]
[BlackClock "0:00:01"]

1. d4 d5 2. c4 e6 3. Nf3 Nf6 4. h3 Be7 5. Nc3 O-O 6. cxd5 exd5 7. Bf4 c6 8. e3 Bf5 9. Bd3 Bxd3 10. Qxd3 Re8 11. O-O Nbd7 12. Rab1 a5 13. a3 a4 14. Qc2 Qa5 15. Rfc1 h6 16. g4 Nb6 17. Bc7 Bd8 18. Bxb6 Bxb6 19. b4 axb3 20. Rxb3 Nd7 21. a4 Qa6 22. Rcb1 Ba5 23. Qf5 Nf6 24. Nd1 Re7 25. Qd3 Qxd3 26. Rxd3 Ne4 27. Rdb3 Nd6 28. Nb2 f6 29. Nd3 Ra7 30. Kg2 Kf7 31. h4 Bc7 32. h5 Re4 33. Nc5 Rxg4+ 34. Kh3 Re4 35. Nxe4 dxe4 36. Nh4 Bd8 37. Kg4 Ke6 38. Ng6 f5+ 39. Kh3 Rxa4 40. Nf4+ Kd7 41. Rg1 Bg5 42. d5 cxd5 43. Nxd5 Ra2 44. Kg3 b5 45. Rd1 Ra6 46. Nc3 Rb6 47. Rxb5 Rc6 48. Na4 Ke6 49. Rc5 Ra6 50. Rcd5 Nb7 51. Nc5+ Nxc5 52. Rxc5 Be7 53. Rb5 Bd6+ 54. Kg2 Rc6 55. Rdb1 Rc2 56. Rb6 Rd2 57. R1b2 Rd3 58. Ra2 Kf6 59. Raa6 Ke6 60. Rb7 Kf6 61. Rd7 Ke6 62. Rxg7 1-0


[Site "https://www.chess.com"]

[Event "Titled Tuesday Blitz April 11 Early 2023"]
[White "Kuzubov, Yuriy"]
[Black "Lazavik, Denis"]
[WhiteFideId "14112906"]
[BlackFideId "13515110"]
[WhiteElo "2496"]
[BlackElo "2560"]
[Result "1/2-1/2"]
[Round "04"]
[TimeControl "180+2"]
[Date "2023.04.11"]
[WhiteClock "0:00:03"]
[BlackClock "0:00:03"]

1. d4 Nf6 2. c4 e6 3. Nc3 Bb4 4. Qc2 O-O 5. a3 Bxc3+ 6. Qxc3 d5 7. Nf3 Nbd7 8. Bg5 h6 9. Bh4 b6 10. cxd5 exd5 11. e3 Bb7 12. Bb5 c6 13. Bd3 c5 14. O-O Re8 15. Rfd1 Qe7 16. b4 c4 17. Bc2 Ne4 18. Bxe4 Qxe4 19. b5 f6 20. Bg3 Nf8 21. a4 Bc8 22. Nd2 Qe7 23. Re1 Bf5 24. e4 dxe4 25. Qxc4+ Kh8 26. d5 Rac8 27. Qd4 Qc5 28. Nb3 Qc4 29. Re3 Nd7 30. h3 Bg6 31. d6 Bf7 32. Qxc4 Rxc4 33. Nd2 Rd4 34. Nf1 Nc5 35. a5 Nb3 36. Rb1 Nxa5 37. Ra3 Nc4 38. Rxa7 Be6 39. Rb7 Nxd6 40. Rxb6 Nc4 41. Rb7 Bf5 42. Rc1 e3 43. fxe3 Nxe3 44. Nxe3 Be4 45. Rbc7 Rd3 46. Rc8 Rxc8 47. Rxc8+ Kh7 48. Bf2 Rb3 49. Rb8 Rb1+ 50. Kh2 Rb2 51. Bg3 Re2 52. Bf4 g5 53. Re8 gxf4 54. Rxe4 fxe3 55. Kg3 Kg6 56. Rb4 Rf2 57. b6 Rf1 58. Re4 Rb1 59. Rxe3 Rxb6 60. Kh2 1/2-1/2


[Site "https://www.chess.com"]

[Event "Titled Tuesday Blitz April 11 Early 2023"]
[White "Le, Tuan Minh"]
[Black "Svane, Frederik"]
[WhiteFideId "12401153"]
[BlackFideId "12923044"]
[WhiteElo "2566"]
[BlackElo "2502"]
[Result "1-0"]
[Round "04"]
[TimeControl "180+2"]
[Date "2023.04.11"]
[WhiteClock "0:00:42"]
[BlackClock "0:00:12"]

1. d4 d6 2. e4 Nf6 3. Nc3 Nbd7 4. Nf3 e5 5. Bc4 Be7 6. O-O O-O 7. Re1 c6 8. a4 Qc7 9. Ba2 h6 10. h3 a5 11. Nh4 Re8 12. Nf5 Bf8 13. dxe5 Nxe5 14. Nd4 Ng6 15. Bb3 Bd7 16. Be3 Rad8 17. Qf3 Ne5 18. Qg3 Nh5 19. Qh4 g6 20. f4 d5 21. fxe5 Qxe5 22. Nf3 Qc7 23. Qf2 dxe4 24. Ng5 Be6 25. Nxe6 fxe6 26. Bb6 e3 27. Qxe3 1-0


[Site "https://www.chess.com"]

[Event "Titled Tuesday Blitz April 11 Early 2023"]
[White "Gharibyan, Mamikon"]
[Black "Bortnyk, Olexandr"]
[WhiteFideId "13308300"]
[BlackFideId "14120828"]
[WhiteElo "2445"]
[BlackElo "2734"]
[Result "0-1"]
[Round "04"]
[TimeControl "180+2"]
[Date "2023.04.11"]
[WhiteClock "0:00:04"]
[BlackClock "0:00:03"]

1. d4 d6 2. e4 Nf6 3. Nc3 Nbd7 4. Nf3 e5 5. Bc4 Be7 6. O-O c6 7. a4 Qc7 8. Re1 h6 9. b3 Nf8 10. a5 Ng6 11. d5 O-O 12. h3 a6 13. Be3 c5 14. Bf1 Bd7 15. g3 Nh7 16. Nd2 f5 17. exf5 Bxf5 18. Nde4 Nf6 19. Bg2 Qd7 20. Kh2 Nxe4 21. Nxe4 Rf7 22. Ra4 Raf8 23. Qh5 Bd8 24. Re2 Ne7 25. Rd2 Nc8 26. Nc3 Na7 27. Qd1 Nb5 28. Nxb5 axb5 29. Ra2 b4 30. a6 bxa6 31. Rxa6 Bc7 32. Qe2 Rb8 33. Rd1 Rff8 34. Rda1 Qf7 35. Ra7 Rfe8 36. Bxc5 Re7 37. Be3 Qg6 38. Qc4 Bd8 39. Rxe7 Bxe7 40. Ra7 Bf8 41. Rc7 h5 42. Bf3 Ra8 43. Qxb4 Ra1 44. Qc3 Rb1 45. Bg2 Be4 46. Qc4 Bxg2 47. Kxg2 Qf5 48. Qd3 e4 49. Qe2 Qxd5 50. Qc4 Qxc4 51. Rxc4 Rb2 52. Rxe4 Rxc2 53. b4 Rb2 54. Rd4 Kf7 55. h4 g6 56. Kf3 Ke6 57. Ke4 Bg7 58. Rd1 Rxb4+ 59. Kf3 Be5 60. Ke2 Rb2+ 61. Kf3 d5 62. Rd3 Rb4 63. Kg2 d4 64. Bg5 Kd5 65. Kf3 Rb7 66. Ke2 Kc4 67. Rd1 Rb2+ 68. Kf3 d3 69. Ke4 Bd4 70. Rxd3 Bxf2 71. Rf3 Bd4 72. Bf6 Re2+ 73. Kf4 Bxf6 74. g4 Re5 75. gxh5 gxh5 76. Kg3 Be7 77. Rf4+ Kd5 78. Rf7 Bd6 79. Rh7 Re7+ 80. Kh3 Rxh7 0-1


[Site "https://www.chess.com"]

[Event "Titled Tuesday Blitz April 11 Early 2023"]
[White "Hakobyan, Aram"]
[Black "Kamsky, Gata"]
[WhiteFideId "13306677"]
[BlackFideId "2000024"]
[WhiteElo "2584"]
[BlackElo "2660"]
[Result "1-0"]
[Round "04"]
[TimeControl "180+2"]
[Date "2023.04.11"]
[WhiteClock "0:00:05"]
[BlackClock "0:00:01"]

1. d4 Nf6 2. Nf3 e6 3. c4 Bb4+ 4. Nbd2 O-O 5. a3 Be7 6. e4 d6 7. Be2 a5 8. Qc2 Nbd7 9. O-O e5 10. Nb1 Re8 11. Nc3 Bf8 12. Rd1 c6 13. d5 Qc7 14. h3 Nc5 15. Be3 a4 16. Nd2 Qa5 17. Rac1 g6 18. Bf3 Bd7 19. Bxc5 dxc5 20. Nf1 Bh6 21. Rb1 cxd5 22. Nxd5 Nxd5 23. cxd5 Rac8 24. Bg4 Bxg4 25. hxg4 c4 26. Nh2 b5 27. Nf3 f6 28. d6 Red8 29. Rd5 Qb6 30. Rbd1 Rd7 31. g5 Bxg5 32. Nxg5 fxg5 33. Qd2 Rcd8 34. Qb4 Rf8 35. R1d2 Rb8 36. Rxe5 g4 37. Qc5 Qxc5 38. Rxc5 Kf7 39. e5 Ke6 40. Rd4 g5 41. Rxg4 h6 42. Rd4 Rf7 43. g3 Rf3 44. d7 Rff8 45. Rd6+ Ke7 46. Rcd5 Rh8 47. Rg6 1-0


[Site "https://www.chess.com"]